 Dungeon Crawl Stone Soup version 0.31-a0-271-gb88eb75e06 (webtiles) character file.

Game seed: 1709020646695971650

40 gruber the Ruffian (level 3, -1/27 HPs)
             Began as a Merfolk Shapeshifter on July 14, 2023.
             Slain by an orc
             ... wielding a +0 flail
              (2 damage)
             ... on level 2 of the Dungeon.
             The game lasted 00:01:07 (1270 turns).

gruber the Ruffian (Merfolk Shapeshifter)           Turns: 1270, Time: 00:01:08

Health: -1/27      AC:  2    Str: 17    XL:     3   Next: 50%
Magic:  3/3        EV: 12    Int:  7    God:
Gold:   88         SH:  0    Dex: 14    Spells: 2/2 levels left

rFire   . .          .
                       - Unarmed
rCold   . . .        (no shield)
rNeg    . . .        a - +0 animal skin
rPois   .            (helmet currently unavailable)
rElec   .            (cloak currently unavailable)
rCorr   .            (gloves currently unavailable)
SInv    +            (boots currently unavailable)
Will    .....        (no amulet)
Stlth   +            k - ring of see invisible
HPRegen 0.24/turn    (no ring)
MPRegen 0.08/turn

%: no passive effects
@: beast-form
A: beast (slay +2), (nimble swimmer 2), mertail
a: Begin Untransformation


You were on level 2 of the Dungeon.
You were a hulking beast.
You visited 1 branch of the dungeon, and saw 3 of its levels.

You collected 88 gold pieces.

Inventory:

Armour
 a - a +0 animal skin (worn)
Jewellery
 k - a ring of see invisible (left hand)
Talismans
 c - a beast talisman
Scrolls
 d - 2 scrolls of silence {unknown}
 e - a scroll of immolation {unknown}
 f - 2 scrolls of teleportation {unknown}
 i - 4 scrolls of identify {unknown}
 j - 2 scrolls of noise {unknown}
Potions
 b - a potion of lignification
 g - a potion of curing {unknown}
 h - a potion of resistance {unknown}
 l - a potion of degeneration {unknown}
 m - a potion of berserk rage {unknown}
 n - a potion of enlightenment {unknown}


   Skills:
 - Level 2.1 Fighting
 - Level 2.6 Dodging
 + Level 4.2 Unarmed Combat
 - Level 4.0 Shapeshifting


You had 2 spell levels left.
You didn't know any spells.
Your spell library contained the following spells:

 Spells                   Type           Power      Damage    Failure   Level
 Foxfire                  Conj/Fire      0%         2x1d4     43%         1
 Shock                    Conj/Air       0%         1d3       43%         1
 Call Canine Familiar     Summ           0%         N/A       80%         3
 Portal Projectile        Hex/Tloc       0%         N/A       80%         3
 Swiftness                Air            0%         N/A       80%         3
 Airstrike                Air            0%         2d(0-16)  99%         4
 Leda's Liquefaction      Hex/Erth       0%         N/A       99%         4
 Plasma Beam              Fire/Air       0%         2x1d10    100%        6
 Starburst                Conj/Fire      0%         6d3       100%        6


Dungeon Overview and Level Annotations

Branches:
Dungeon (3/15)

Altars:


Innate Abilities, Weirdness & Mutations

You are a hulking beast.
Your limbs bulge with bestial killing power. (Slay +2)
((You are very nimble when in or above water. (Stealth+, EV+, Speed+++)))
Your lower body shifts to a powerful aquatic tail in water.


Message History

You kill the bat!
No target in view!
No target in view!
d - 2 scrolls labelled OCRYEJUPHI (gained 1)
You see here a staff of fire.
Found 3 poisoned darts.
The orc shouts!
You hear a shout!
The orc barely misses you.
You barely miss the orc. The orc barely misses you.
A hobgoblin comes into view.
You hit the orc but do no damage. You barely miss the orc. You punch the orc!
You kill the orc!
You closely miss the orc. You hit the orc.
The orc is almost dead.
The orc barely misses you.
You hit the orc.
You kill the orc!
You barely miss the orc. The orc hits you with a +0 flail.
You closely miss the orc. The hobgoblin closely misses you.
The orc hits you with a +0 flail.
You completely miss the orc. The hobgoblin misses you.
The orc hits you with a +0 flail!
You hit the orc.
The orc is heavily wounded.
The orc barely misses you. The hobgoblin hits you.
You are too injured to fight recklessly!
The hobgoblin attacks as you move away! The hobgoblin misses you.
The orc attacks as you move away! The orc hits you with a +0 flail.
There is a stone staircase leading up here.
The hobgoblin barely misses you. The orc hits you with a +0 flail!
* * * LOW HITPOINT WARNING * * *
You climb upwards.
There is a stone staircase leading down here.
The hobgoblin hits you.
* * * LOW HITPOINT WARNING * * *
The orc attacks as you move away! The orc hits you with a +0 flail.
You die...

# #........#.# #
#........#.# #
####........#.###
####...............#
......####.....#.#.#
...............#.#.#
.......#......<#.#.#
..##+#.#.#.....#.#.#
..##.#.#........h#.#
................go.#
.......#...........#
.......#..##.##.#.######
.......#...............#
..........##.##.#...##.#
.............#......##.#
.......#..#..#..#..###.#
......##..#..#..#......#


You could see an orc and a hobgoblin.

Vanquished Creatures
  3 dart slugs
  3 orcs (D:3)
  4 bats
  2 endoplasms (D:1)
  A giant cockroach (D:1)
  2 goblins (D:1)
  3 jackals (D:1)
  2 quokkas (D:1)
  2 ball pythons (D:1)
  2 frilled lizards (D:1)
  4 kobolds
  2 rats
30 creatures vanquished.

Notes
Turn   | Place    | Note
-------+----------+-------------------------------------------
     0 | D:1      | gruber the Merfolk Shapeshifter began the quest for the
                  | Orb.
     0 | D:1      | Reached XP level 1. HP: 16/16 MP: 1/1
    64 | D:1      | Reached XP level 2. HP: 16/22 MP: 2/2
   469 | D:1      | Reached XP level 3. HP: 25/27 MP: 3/3
   641 | D:2      | Identified the +4 dagger of Hatred {heavy, rN+ Will+}
  1269 | D:2      | HP: 1/27 [hobgoblin (2)]
  1270 | D:2      | Slain by an orc

Illustrated notes

Levels and vault maps discovered:
D:1:      dpeg_arrival_pits, layout_basic, serial_bayou_ford_a
D:2:      layout_basic, chequers_serial_rivers_micro_e
D:3:      layout_rooms, xom_confusion_cloud, hangedman_ru_absence,
          tso_oasis_becter, minmay_cupped

Skill      XL: |  1  2  3 |
---------------+----------+-----
Unarmed Combat | 3 4 |  4.2
Fighting       | |  2.1
Dodging        | |  2.6
Shapeshifting  | |  4.0

Action                     || total
---------------------------++-------
  Melee: Unarmed           ||    72
         Tailslap          ||     2
         Punch             ||     2
   Stab: Sleeping          ||     1
 Armour: Animal skin       ||     8
  Dodge: Dodged            ||    40

Table legend: (Time is in decaauts)
 A = Elapsed time spent in this place.
 B = Non-inter-level travel time spent in this place.
 C = Inter-level travel time spent in this place.
 D = Time resting spent in this place.
 E = Time spent auto-exploring this place.
 F = Levels seen in this place.
 G = Mean time per level.
                   A        B        C        D        E       F      G
               +--------+--------+--------+--------+--------+-----+--------+
         Total |   1258 |   1212 |     46 |      0 |   1012 |   3 |  419.3 |
       Dungeon |   1258 |   1212 |     46 |      0 |   1012 |   3 |  419.3 |
               +--------+--------+--------+--------+--------+-----+--------+

Top non-repeatable levels by time:
     D:2: 631 daAuts
     D:1: 592 daAuts
     D:3: 34 daAuts
